cohdb
Replays
Latest Replays
All Replays
Popular Replays
Top Player Replays
Match Explorer
How It Works
Community
CoH3 Stats
Reddit
Sign in to upload your games and track your stats! →
Sign in with Steam
Match 44136262
Unlisted
Match 44136262
Overview
Messages
Build Orders
End
Kradschützen Motorcycle Team
Selects Panzerjäger Kommand Battlegroup
Selects Mine Fields
Panzergrenadier Squad
250 Light Carrier
Construct Light Support Kompanie
MG34 Team
Fire Support Elements
Panzergrenadier Squad
Flakvierling Half-track
Panzerjäger Mechanized Group
Selects Defensive Positions
Construct Panzerarmee Kommand
Veteran Squad Leaders
Panzer III L Medium Tank
Selects Butterfly Bomb Drop
Butterfly Bomb Drop
Pak 38 Mechanized Group
Walking Stuka Rocket Launcher
Butterfly Bomb Drop
Vehicle Survival Package
Butterfly Bomb Drop
Panzer III L Medium Tank
Walking Stuka Rocket Launcher
Selects GrB 39 Grenade Launcher Requisition
Selects Crew Shock Tactics
Panzerpioneer Squad
Butterfly Bomb Drop
Emergency Repair Kits
Selects Anti-tank Overwatch
woof_raff
战斗兵
Arek KRK
Smartel
0
0
Comments
sign in to comment!
No comments posted yet!